 Dungeon Sprint DCSS version 0.22-a0-81-g7478db5 (webtiles) character file.

135039 Loading the End of an Era (level 17, 155/155 HPs)
             Began as a Formicid Monk on Apr 28, 2017.
             Was the Champion of Qazlal.
             Quit the game in the Dungeon (Sprint V: "Ziggurat Sprint") on Jan 18, 2018.
             The game lasted 00:23:05 (2437 turns).

Loading the End of an Era (Formicid Monk)           Turns: 2437, Time: 00:23:06

Health: 155/155    AC: 39    Str: 20    XL:     17   Next: 76%
Magic:  34/34      EV: 13    Int: 15    God:    Qazlal [******]
Gold:   0          SH: 46    Dex: 33    Spells: 16/16 levels left

rFire    + + .     SeeInvis +   I - +14 lance "Wyrmbane" {slay drac, rPois rF+ rC+ AC+3}
rCold    + + +     Gourm    .   H - +18 shield of the Gong {rElec rN+ MR+ EV-5}
rNeg     + . .     Faith    .   a - +5 gold dragon scales
rPois    +         Spirit   .   (helmet unavailable)
rElec    +         Reflect  +   N - +0 cloak {MR+}
rCorr    .         Harm     .   K - +2 pair of gloves {Dex+3}
MR       +++..                  B - +1 pair of boots {Fly}
Stlth    ..........             j - amulet of Deucom {Reflect Str+3 Int+4 Dex+8 SH+2}
HPRegen  0.35/turn              Q - ring "Goodgh" {rElec rPois rC+ Slay+3}
MPRegen  0.24/turn              L - ring of Etocef {Dex+4 Slay+3 Stlth+}

@: flying, studying Slings, repel missiles
A: permanent stasis, dig shafts and tunnels, four strong arms, antennae 3
a: Dig, Upheaval, Elemental Force, Disaster Area, Renounce Religion, Stop Flying


You were in the Dungeon.
You worshipped Qazlal.
Qazlal was exalted by your worship.
You were full.

You visited 1 branch

Inventory:

Hand Weapons
 I - the +14 lance "Wyrmbane" (weapon) {slay drac, rPois rF+ rC+ AC+3}
   (You found it in the Dungeon)

   It affects your AC (+3).
   It protects you from fire.
   It protects you from cold.
   It protects you from poison.
Armour
 a - +5 gold dragon scales (worn)
 B - a +1 pair of boots of flying (worn)
 D - a +2 pair of boots of running
 H - the +18 shield of the Gong (worn) {rElec rN+ MR+ EV-5}
   (You found it in the Dungeon)

   It affects your evasion (-5).
   It insulates you from electricity.
   It protects you from negative energy.
   It affects your resistance to hostile enchantments.
 K - a +2 pair of gloves of dexterity (worn)
 N - a +0 cloak of magic resistance (worn)
Jewellery
 j - the amulet of Deucom (around neck) {Reflect Str+3 Int+4 Dex+8 SH+2}
   (You found it in the Dungeon)

   [amulet of reflection]

   It shields you and reflects attacks.
   It affects your strength (+3).
   It affects your intelligence (+4).
   It affects your dexterity (+8).
   It affects your SH (+2).
 n - an uncursed ring of protection from magic
 G - a +6 ring of strength
 L - the ring of Etocef (right hand) {Dex+4 Slay+3 Stlth+}
   (You found it in the Dungeon)

   [ring of slaying]

   It affects your dexterity (+4).
   It affects your accuracy and damage with ranged weapons and melee attacks
   (+3).
   It makes you more stealthy.
 M - an uncursed ring of magical power
 O - an uncursed ring of fire
 Q - the ring "Goodgh" (left hand) {rElec rPois rC+ Slay+3}
   (You took it off a green draconian in the Dungeon)

   [ring of poison resistance]

   It affects your accuracy and damage with ranged weapons and melee attacks
   (+3).
   It protects you from cold.
   It insulates you from electricity.
   It protects you from poison.
Wands
 x - a wand of disintegration (7)
 y - a wand of iceblast (5)
 z - a wand of removedness (5)
 A - a wand of acid (5)
Scrolls
 i - 4 scrolls of blinking
 o - 4 scrolls of amnesia
 p - 3 scrolls of removedness
 q - 8 scrolls of fog
 r - a scroll of holy word
 s - 4 scrolls of identify
 t - 5 scrolls of remove curse
 u - 2 scrolls of fear
 U - 2 scrolls of brand weapon
 Y - 4 scrolls of enchant armour
Potions
 b - 2 potions of brilliance
 d - 10 potions of curing
 e - 11 potions of heal wounds
 f - 10 potions of haste
 g - 7 potions of magic
 h - 4 potions of berserk rage
 k - 3 potions of resistance
 m - 3 potions of agility
 S - a potion of might
 X - a potion of cancellation
Books
 C - a manual of Slings
 J - a manual of Slings
Comestibles
 c - 5 rations
 v - 7 rations
 w - 4 rations


   Skills:
 + Level 19.9 Fighting
 O Level 27 Polearms
 + Level 19.7 Armour
 + Level 18.6 Dodging
 - Level 2.4 Stealth
 + Level 21.2 Shields
 O Level 27 Invocations


You had 16 spell levels left.
You didn't know any spells.

Dungeon Overview and Level Annotations

Branches:
Dungeon (1/1)

Altars:
Ashenzari
Cheibriados
Dithmenos
Elyvilon
Fedhas
Gozag
Hepliaklqana
Kikubaaqudgha
Makhleb
Nemelex Xobeh
Okawaru
Qazlal
Ru
Sif Muna
Trog
Uskayaw
Vehumet
Wu Jian
Xom
Yredelemnul
Zin
The Shining One
Beogh
Jiyva
Lugonu

Annotations:
D 1 transporter


Innate Abilities, Weirdness & Mutations

You cannot be hasted, slowed, berserked, paralysed or teleported.
You can dig through walls and to a lower floor.
Your four strong arms can wield two-handed weapons with a shield.
You have a pair of large antennae on your head. (SInv)


Message History

Okay, then.
You don't know any spells.
There's nothing to close nearby.
Evoke which item? (* to show all) (? for menu, Esc to quit)
Okay, then.
You see here a war axe.
You aren't carrying or standing over any spellbooks.
Put on which piece of jewellery? (? for menu, Esc to quit)
Okay, then.
There's nothing to open nearby.
You don't know any spells.
Take off which item? (? for menu, Esc to quit)
Okay, then.
Remove which piece of jewellery? (? for menu, Esc to quit)
Okay, then.
Quiver which item? (- for none, * to show all) (? for menu, Esc to quit)
Okay, then.
Are you sure you want to abandon this character and quit the game? (Confirm with "yes".)
Okay, then.
Are you sure you want to abandon this character and quit the game? (Confirm with "yes".)

▓_.........|..._▓ .......
▓8...[.........8▓ .......
▓_...[.<......._▓ .......
▓8.............8▓ ...▓...
▓_............._▓ ..▓▓▓..
▓8_8_8_8_8_8_8_8▓ ...▓...
▓▓▓▓▓▓▓▓▓▓▓▓▓▓▓▓▓▓.......
......8©8.))[).)▓.......
..))})|@).§.....▓▓▓▓▓▓▓▓
...))|.§.§§...).▓......8
..)..§§§........▓...:=.[
..)[...§.)......▓..[}|..
.....)..).......▓.......
......).........▓.....[.
..).....)..)[...▓...[.|.
.......)........▓.......
....).))).......▓.......


There were no monsters in sight!

Vanquished Creatures
  2 electric golems (D)
  A tentacled monstrosity (D)
  2 Orb Guardians (D)
  A quicksilver dragon (D)
  3 titans (D)
  Frances (D)
  Polyphemus (D)
  7 storm dragons (D)
  Agnes (D)
  2 nagarajas (D)
  A draconian monk (D)
  3 draconian knights (D)
  A frost giant (D)
  An orc warlord (D)
  Aizul (D)
  A draconian stormcaller (D)
  A draconian scorcher (D)
  2 draconian annihilators (D)
  5 green draconians (D)
  7 black draconians (D)
  4 purple draconians (D)
  10 red draconians (D)
  2 spark wasps (D)
  5 white draconians (D)
  4 yellow draconians (D)
  A dire elephant (D)
  2 merfolk javelineers (D)
  A blizzard demon (D)
  Snorg (D)
  2 merfolk impalers (D)
  Harold (D)
  An ice dragon (D)
  10 spriggan air magi (D)
  Erolcha (D)
  2 naga warriors (D)
  An anaconda (D)
  An ogre mage (D)
  A merfolk aquamancer (D)
  A two-headed ogre (D)
  A dancing weapon (D)
  5 spriggan berserkers (D)
  2 orc high priests (D)
  2 spriggans (D)
  2 shambling mangroves (D)
  A deep elf mage (D)
  3 orc knights (D)
  3 ugly things (D)
  3 orc sorcerers (D)
  6 wolf spiders (D)
  A cyclops (D)
  4 orb spiders (D)
  A manticore (D)
  4 draconians (D)
  6 toenail golems (D)
  2 guardian serpents (D)
  2 gargoyles (D)
  A naga mage (D)
  2 freezing wraiths (D)
  2 rime drakes (D)
  3 ice devils (D)
  7 demonic crawlers (D)
  A queen bee (shapeshifter) (D)
  3 dryads (D)
  2 trolls (D)
  11 wind drakes (D)
  3 jumping spiders (D)
  3 polar bears (D)
  2 merfolk (D)
  10 hornets (D)
  4 redbacks (D)
  7 air elementals (D)
  A water elemental (D)
  2 tarantellas (D)
  Eustachio (D)
  A neqoxec (D)
  4 insubstantial wisps (D)
  2 nagas (D)
  4 wargs (D)
  A soldier ant (shapeshifter) (D)
  Duvessa (D)
  5 water moccasins (D)
  4 orc warriors (D)
  2 ice beasts (D)
  A phantom (D)
  A necrophage (D)
  3 ogres (D)
  An earth elemental (D)
  A wight (D)
  Crazy Yiuf (D)
  3 orc priests (D)
  Jessica (D)
  An orc wizard (D)
  Ijyb (D)
  4 mummies (D)
  4 adders (D)
  4 white imps (D)
  7 ball pythons (D)
  A bat skeleton (D)
  2 bat simulacra (D)
  A giant cockroach simulacrum (D)
269 creatures vanquished.

Vanquished Creatures (collateral kills)
  A dancing weapon (D)
  2 deep elf magi (D)
  A hippogriff (shapeshifter) (D)
4 creatures vanquished.

Vanquished Creatures (others)
  A harpy (D)
  A manticore (D)
  A merfolk (D)
  An adder (D)
4 creatures vanquished.

Grand Total: 277 creatures vanquished

Notes
Turn   | Place    | Note
-------+----------+-------------------------------------------
     0 | D        | Loading the Formicid Monk began the quest for the Orb.
     0 | D        | Reached XP level 1. HP: 18/18 MP: 1/1
    12 | D        | Found a deep blue altar of Sif Muna.
    12 | D        | Found a bloodstained altar of Trog.
    12 | D        | Found a sacrificial altar of Ru.
    12 | D        | Found a stormy altar of Qazlal.
    12 | D        | Found an iron altar of Okawaru.
    13 | D        | Found a sparkling altar of Nemelex Xobeh.
    13 | D        | Found a blossoming altar of Fedhas.
    15 | D        | Found an ancient bone altar of Kikubaaqudgha.
    15 | D        | Found a viscous altar of Jiyva.
    15 | D        | Found a corrupted altar of Lugonu.
    15 | D        | Found a hazy altar of Hepliaklqana.
    15 | D        | Found a burning altar of Makhleb.
    15 | D        | Found an opulent altar of Gozag.
    60 | D        | Became a worshipper of Qazlal Stormbringer
    60 | D        | Reached * piety under Qazlal
    60 | D        | Reached ** piety under Qazlal
    63 | D        | Reached XP level 2. HP: 24/24 MP: 2/2
    76 | D        | Entered arena 2.
    76 | D        | Noticed a merfolk
    76 | D        | Noticed a merfolk
    92 | D        | Killed a merfolk
    92 | D        | Reached skill level 5 in Fighting
    92 | D        | Reached skill level 5 in Invocations
    92 | D        | Reached XP level 3. HP: 23/33 MP: 2/7
    92 | D        | Reached XP level 4. HP: 27/39 MP: 2/8
    92 | D        | Reached XP level 5. HP: 31/44 MP: 2/9
    92 | D        | Reached XP level 6. HP: 36/51 MP: 2/10
    97 | D        | Killed a merfolk
    97 | D        | Reached skill level 10 in Polearms
    97 | D        | Reached skill level 5 in Shields
    97 | D        | Reached XP level 7. HP: 41/57 MP: 2/12
   181 | D        | Entered arena 3.
   185 | D        | Reached *** piety under Qazlal
   200 | D        | Entered arena 4.
   209 | D        | Reached **** piety under Qazlal
   223 | D        | Entered arena 5.
   229 | D        | Reached skill level 5 in Armour
   229 | D        | Reached skill level 5 in Dodging
   234 | D        | Reached ***** piety under Qazlal
   274 | D        | Entered arena 6.
   274 | D        | Noticed a water moccasin
   274 | D        | Noticed a water moccasin
   287 | D        | Killed a water moccasin
   287 | D        | Reached XP level 8. HP: 65/65 MP: 14/14
   293 | D        | Got the ring of Etocef {Dex+4 Slay+3 Stlth+}
   299 | D        | Entered arena 7.
   299 | D        | Noticed a white ugly thing
   299 | D        | Noticed a hippogriff
   299 | D        | Noticed a cyan ugly thing
   299 | D        | Noticed a cyan ugly thing
   304 | D        | Killed a hippogriff
   311 | D        | Killed a white ugly thing
   311 | D        | Reached skill level 10 in Invocations
   315 | D        | Killed a cyan ugly thing
   315 | D        | Reached XP level 9. HP: 74/74 MP: 10/17
   320 | D        | Reached ****** piety under Qazlal
   327 | D        | Killed a red ugly thing
   378 | D        | Entered arena 8.
   378 | D        | Noticed a deep elf mage
   378 | D        | Noticed a deep elf mage
   378 | D        | Noticed a war axe of flaming
   378 | D        | Noticed a mace of protection
   378 | D        | Noticed a queen bee
   378 | D        | Noticed a deep elf mage
   383 | D        | Killed a deep elf mage
   391 | D        | Killed a war axe of flaming
   391 | D        | Reached XP level 10. HP: 64/82 MP: 11/19
   391 | D        | Killed a deep elf mage
   393 | D        | Killed a mace of protection
   394 | D        | Killed a deep elf mage
   619 | D        | Entered arena 9.
   619 | D        | Noticed a red draconian
   619 | D        | Noticed a white draconian
   619 | D        | Noticed a draconian
   619 | D        | Noticed a red draconian
   619 | D        | Noticed a draconian
   619 | D        | Noticed a draconian
   619 | D        | Noticed a draconian
   630 | D        | Killed a red draconian
   632 | D        | Killed a draconian
   641 | D        | Killed a white draconian
   641 | D        | Reached skill level 10 in Fighting
   641 | D        | Reached skill level 10 in Shields
   641 | D        | Reached XP level 11. HP: 76/91 MP: 14/21
   643 | D        | Killed a draconian
   648 | D        | Killed a red draconian
   650 | D        | Killed a draconian
   660 | D        | Killed a draconian
   660 | D        | Reached skill level 10 in Armour
   778 | D        | Entered arena 10.
   784 | D        | Reached skill level 15 in Invocations
   815 | D        | Entered arena 11.
   815 | D        | Noticed a toenail golem
   815 | D        | Noticed a toenail golem
   815 | D        | Noticed a toenail golem
   815 | D        | Noticed a toenail golem
   815 | D        | Noticed a toenail golem
   815 | D        | Noticed a toenail golem
   822 | D        | Killed a toenail golem
   822 | D        | Reached skill level 15 in Polearms
   824 | D        | Killed a toenail golem
   826 | D        | Killed a toenail golem
   829 | D        | Killed a toenail golem
   831 | D        | Killed a toenail golem
   835 | D        | Killed a toenail golem
   852 | D        | Got the amulet of Deucom {Reflect Str+3 Int+4 Dex+8 SH+2}
   863 | D        | Entered arena 12.
   863 | D        | Noticed a manticore
   863 | D        | Noticed a merfolk impaler
   863 | D        | Noticed a harpy
   863 | D        | Noticed a manticore
   864 | D        | Noticed a merfolk aquamancer
   864 | D        | Noticed a merfolk impaler
   864 | D        | Noticed a merfolk javelineer
   864 | D        | Noticed a merfolk javelineer
   865 | D        | Killed a harpy
   865 | D        | Reached XP level 12. HP: 100/100 MP: 22/24
   874 | D        | Killed a merfolk impaler
   874 | D        | Killed a merfolk aquamancer
   875 | D        | Killed a merfolk impaler
   883 | D        | Killed a merfolk javelineer
   883 | D        | Reached skill level 10 in Dodging
   884 | D        | Killed a merfolk javelineer
  1029 | D        | Entered arena 13.
  1029 | D        | Noticed a naga warrior
  1029 | D        | Noticed an anaconda
  1029 | D        | Noticed a nagaraja
  1029 | D        | Noticed a naga warrior
  1030 | D        | Noticed a nagaraja
  1043 | D        | Killed an anaconda
  1044 | D        | Killed a nagaraja
  1048 | D        | Killed a nagaraja
  1049 | D        | Killed a naga warrior
  1050 | D        | Reached XP level 13. HP: 61/109 MP: 18/25
  1054 | D        | Killed a naga warrior
  1225 | D        | Entered arena 14.
  1226 | D        | Noticed a quicksilver dragon
  1226 | D        | Noticed a black draconian
  1226 | D        | Noticed a green draconian
  1226 | D        | Noticed a storm dragon
  1226 | D        | Noticed an Orb Guardian
  1226 | D        | Noticed an Orb Guardian
  1227 | D        | Noticed a tentacled monstrosity
  1227 | D        | Noticed a red draconian
  1228 | D        | Noticed a green draconian
  1229 | D        | Noticed a yellow draconian
  1229 | D        | Noticed a red draconian
  1233 | D        | Noticed a purple draconian
  1240 | D        | Killed a quicksilver dragon
  1244 | D        | Killed a storm dragon
  1249 | D        | Killed a green draconian
  1255 | D        | Killed a red draconian
  1258 | D        | Killed a green draconian
  1262 | D        | Killed a purple draconian
  1269 | D        | Killed an Orb Guardian
  1273 | D        | Killed a tentacled monstrosity
  1276 | D        | Killed a black draconian
  1279 | D        | Killed a yellow draconian
  1279 | D        | Reached XP level 14. HP: 68/119 MP: 27/27
  1282 | D        | Killed a red draconian
  1291 | D        | Killed an Orb Guardian
  1297 | D        | Got the ring "Itosann" {rC+ MP+9 Str+3 Int+5}
  1297 | D        | Got the ring "Goodgh" {rElec rPois rC+ Slay+3}
  1317 | D        | Got the ring "Pifiofil" {*Slow rF+ rC+ rN+ AC+2}
  1556 | D        | Entered arena 15.
  1557 | D        | Reached skill level 15 in Shields
  1598 | D        | Entered arena 16.
  1599 | D        | Noticed a storm dragon
  1599 | D        | Noticed a storm dragon
  1600 | D        | Noticed a storm dragon
  1600 | D        | Killed a storm dragon
  1600 | D        | Killed a storm dragon
  1604 | D        | Killed a storm dragon
  1753 | D        | Entered arena 17.
  1755 | D        | Noticed Erolcha
  1755 | D        | Noticed Snorg
  1755 | D        | Noticed Crazy Yiuf
  1756 | D        | Noticed Aizul
  1756 | D        | Noticed Duvessa
  1756 | D        | Noticed Polyphemus
  1756 | D        | Noticed Frances
  1756 | D        | Noticed Harold
  1757 | D        | Noticed Ijyb
  1757 | D        | Noticed Jessica
  1757 | D        | Noticed Agnes
  1757 | D        | Noticed Eustachio
  1758 | D        | Killed Ijyb
  1758 | D        | Killed Eustachio
  1758 | D        | Killed Jessica
  1758 | D        | Killed Erolcha
  1758 | D        | Reached skill level 15 in Fighting
  1758 | D        | Killed Duvessa
  1758 | D        | Killed Crazy Yiuf
  1758 | D        | Killed Agnes
  1758 | D        | Killed Polyphemus
  1758 | D        | Killed Harold
  1765 | D        | Killed Snorg
  1765 | D        | Reached skill level 15 in Armour
  1765 | D        | Reached XP level 15. HP: 120/129 MP: 22/29
  1768 | D        | Killed Frances
  1771 | D        | Killed Aizul
  1810 | D        | Got the ring "Ront" {+Fly Dex+4}
  1834 | D        | Entered arena 18.
  1969 | D        | Entered arena 19.
  2016 | D        | Entered arena 20.
  2020 | D        | Noticed a frost giant
  2022 | D        | Killed a frost giant
  2028 | D        | Reached XP level 16. HP: 130/140 MP: 24/31
  2081 | D        | Entered arena 21.
  2084 | D        | Noticed a titan
  2085 | D        | Noticed a storm dragon
  2085 | D        | Noticed a titan
  2085 | D        | Noticed a titan
  2085 | D        | Noticed a storm dragon
  2086 | D        | Noticed an electric golem
  2086 | D        | Noticed a storm dragon
  2086 | D        | Noticed an electric golem
  2087 | D        | Killed a storm dragon
  2087 | D        | Reached skill level 15 in Dodging
  2087 | D        | Killed a titan
  2087 | D        | Killed a storm dragon
  2087 | D        | Killed an electric golem
  2087 | D        | Killed a titan
  2087 | D        | Killed an electric golem
  2087 | D        | Killed a storm dragon
  2087 | D        | Killed a titan
  2139 | D        | Entered arena 22.
  2192 | D        | Entered arena 23.
  2198 | D        | Noticed a black draconian knight
  2199 | D        | Noticed a green draconian knight
  2199 | D        | Noticed a black draconian monk
  2199 | D        | Noticed a green draconian knight
  2200 | D        | Upgraded the game from 0.20-a0-1065-g8446734 to 0.22-a0-81-g7478db5
  2200 | D        | Reached XP level 17. HP: 151/151 MP: 32/34
  2209 | D        | Reached skill level 27 in Invocations
  2214 | D        | Killed a black draconian monk
  2214 | D        | Reached skill level 27 in Polearms
  2217 | D        | Found a transporter.
  2437 | D        | Quit the game

Vault maps used:
D:        sprint_v

Skill      XL: |  1  2  3  4  5  6  7  8  9 10 11 12 13 14 15 16 17 |
---------------+----------------------------------------------------+-----
Polearms       | 8 9 10 11 12 13 14 16 18 19 21 24 25 27 | 27.0
Fighting       | 5 6 7 8 10 11 12 13 15 16 18 19 | 19.9
Armour         | 3 4 5 6 8 9 10 12 13 15 16 18 19 | 19.7
Dodging        | 4 5 6 7 8 9 10 11 13 14 17 18 | 18.6
Shields        | 3 5 6 7 8 10 11 13 14 16 17 19 21 | 21.2
Invocations    | 5 7 9 10 12 14 16 17 19 21 23 26 27 | 27.0
Stealth        | |  2.4

Action                   |  1- 3 |  4- 6 |  7- 9 | 10-12 | 13-15 | 16-18 || total
-------------------------+-------+-------+-------+-------+-------+-------++-------
Melee: Lance             |     9 |     5 |    75 |   116 |   127 |    43 ||   375
Invok: Elemental Force   |       |       |     2 |     1 |       |       ||     3
       Disaster Area     |       |       |       |     1 |     6 |     5 ||    12
  Use: Potion            |     5 |       |     2 |     6 |     3 |       ||    16
       Scroll            |       |       |       |       |     1 |     1 ||     2
 Stab: Distracted        |       |       |       |     1 |       |       ||     1
       Invisible         |       |       |       |    13 |       |       ||    13
  Eat: Buggy fruit       |       |       |       |       |    11 |       ||    11
Armor: Gold dragon scale |     1 |       |     5 |    24 |    25 |    11 ||    66
Dodge: Dodged            |     1 |       |     2 |    14 |    28 |     5 ||    50
       Deflected         |       |       |       |     3 |       |       ||     3
Block: Shield            |    14 |     2 |    69 |   154 |   180 |    37 ||   456
       Reflection        |       |       |       |    16 |     4 |     2 ||    22

Table legend:
 A = Spawn XP
 B = Non-spawn XP
 C = Spawn XP percentage of total XP
 D = Spawn monster count
 E = Non-spawn monster count
 F = Spawn count percentage of total count
 G = Total turns spent on level
                    A         B        C        D         E        F      G
               +---------+---------+-------+---------+---------+-------+---------
         Total |       0 |       0 |   N/A |       0 |       0 |   N/A |   237
               +---------+---------+-------+---------+---------+-------+---------
               +---------+---------+-------+---------+---------+-------+---------
